AoeStats
← owengold23

Arabia

509824302Analyzed
1v1 RM · 6d ago on Sep 28, 2026· 21m 45s· 2 players
Game mode
Random Map
Map size
Tiny (2 player)
Population
200
Speed
Normal
Resources
Standard
Victory
Conquest
Starting age
Dark Age
Ending age
Imperial Age
RankedLock teamsTeams togetherTeam positionsShared explorationLock speedFull tech treeHidden civsTurbo modeCheats
Victory
Defeat
🇨🇳 Magyars · China
1653
+14
🇦🇺 Varangians · Australia
1614
-14
owengold23
6:21 Loom
8:55 Feudal Age
9:59 Double-Bit Axe
11:00 Bloodlines
17:38 Forging
22:55 Castle Age
22:08 Fletching
SADXXX
5:50 Loom
8:24 Feudal Age
8:55 Double-Bit Axe
13:29 Horse Collar
20:05 Castle Age
18:27 Gold Mining
19:19 Bloodlines
22:21 Scale Barding Armor
Connection lost

Rejoining the realm…

Still unreachable

The connection could not be restored.

Session expired

The server has moved on; the page needs a fresh start.